 Dungeon Crawl Stone Soup version 0.23-a0-181-g24f899ac9f (console) character file.

13693 nanamain the Impaler (level 12, 22/94 HPs)
             Began as a Merfolk Berserker on Sept 19, 2018.
             Was a High Priest of Trog.
             Quit the game on level 11 of the Dungeon.
             The game lasted 00:34:08 (12216 turns).

nanamain the Impaler (Merfolk Berserker)           Turns: 12216, Time: 00:34:08

Health: 22/94      AC:  8    Str: 25    XL:     12   Next: 8%
Magic:  12/12      EV: 19    Int: 12    God:    Trog [*****.]
Gold:   574        SH:  0    Dex: 17    Spells: 11/11 levels left

rFire    + . .     SeeInvis .   a - +5 glaive (venom)
rCold    + . .     Gourm    .   (shield currently unavailable)
rNeg     . . .     Faith    .   t - +3 leather armour of Hiarifymn {-Cast Str+6 Int+6}
rPois    .         Spirit   .   O - +1 hat
rElec    .         Reflect  .   l - +0 cloak
rCorr    .         Harm     .   (no gloves)
MR       .....     NoCast   +   (no boots)
Stlth    +.........             S - amulet of rage
HPRegen  0.25/turn              D - ring of protection from cold
MPRegen  0.13/turn              H - ring of protection from fire

@: mildly poisoned (22 -> 19), slowed, very slow
A: change form in water, swift swim, stealthy swim
a: Berserk, Trog's Hand, Brothers in Arms, Renounce Religion, Evoke Berserk Rage


You were on level 11 of the Dungeon.
You worshipped Trog.
Trog was extremely pleased with you.
You were hungry.

You visited 1 branch of the dungeon, and saw 11 of its levels.
You also visited: Sewer and Bailey.

You collected 574 gold pieces.


   Skills:
 + Level 8.9 Fighting
 - Level 20.0 Polearms
 - Level 3.6 Armour
 + Level 10.1 Dodging


You had 11 spell levels left.
You didn't know any spells.
Your spell library was empty.

Inventory:

Hand Weapons
 a - a +5 glaive of venom (weapon)
 b - a +6 antimagic glaive
 g - a +0 blowgun
 j - a +1 halberd of electrocution
 P - a +0 trident
 V - a +0 spear of venom
Missiles
 e - 28 stones (quivered)
 w - 18 poisoned needles
 J - a throwing net
Armour
 l - a +0 cloak (worn)
 o - a +0 ring mail of cold resistance
 t - the +3 leather armour of Hiarifymn (worn) {-Cast Str+6 Int+6}
   (You found it on level 4 of the Dungeon)

   It affects your strength (+6).
   It affects your intelligence (+6).
   It prevents spellcasting.
 E - a +0 plate armour
 K - a +0 shield
 M - a cursed -1 robe
 O - a +1 hat (worn)
 W - a +3 ring mail
Magical Staves
 n - an uncursed staff of fire
Jewellery
 i - an uncursed ring of teleportation
 p - a +1 ring of evasion
 D - a ring of protection from cold (left hand)
 H - a ring of protection from fire (right hand)
 S - an amulet of rage (around neck)
 T - a +5 ring of dexterity
Wands
 y - a wand of paralysis (10)
 F - a wand of digging (9)
 U - a wand of enslavement (13)
Scrolls
 d - 4 scrolls of remove curse
 h - 3 scrolls of enchant armour
 k - 4 scrolls of teleportation
 m - 2 scrolls of fear
 v - 2 scrolls of fog {W vault?, unknown}
 B - a scroll of random uselessness {unknown}
 I - 2 scrolls of blinking
 N - 4 scrolls of enchant weapon
 R - a scroll of acquirement {unknown}
Potions
 f - 6 potions of might
 q - 2 potions of brilliance {unknown}
 r - a potion of berserk rage {unknown}
 u - 4 potions of mutation {unknown}
 x - 7 potions of heal wounds
 z - 9 potions of curing
 A - 2 potions of invisibility
 C - 2 potions of agility {unknown}
 G - a potion of cancellation {unknown}
 L - a potion of haste {unknown}
 Q - 2 potions of magic {unknown}
Comestibles
 c - 19 rations


Message History

Your ogre's corpse disappears in a puff of smoke!
The worker ant barely misses you. The worker ant completely misses you.
The wraith hits you but does no damage.
You feel the effects of Trog's Hand fading.
The worker ant completely misses you.
You feel sick. The worker ant completely misses you.
The worker ant closely misses you. The wraith closely misses you.
Your skin stops crawling.
You feel less resistant to hostile enchantments.
You feel sick. The worker ant completely misses you. The wraith hits you!
The wraith drains your vigour!
You feel as though you will be slow longer.
You feel sick.
You are no longer poisoned.
The worker ant completely misses you. The worker ant bites you.
You are poisoned.
The worker ant poisons you!
You feel sick. The worker ant closely misses you. The wraith misses you.
Are you sure you want to abandon this character and quit the game? (Confirm

....###...................
#... #....#####..........
#... #....#####..........
....###............#######
...................#
...................#
...............#
####...####.[.# #...# #@).#
#...# #aW.# #...# #W..#
#####.Z.# #...#
........####ZW.##############
.......ZW....................
.............................
.###.........................
#..#########........######


You could see 3 wraiths, a worker ant and a centaur warrior zombie.

Vanquished Creatures
  Josephine (D:11)
  A hydra (D:9)
  2 two-headed ogres
  Pikel (D:7)
  An ugly thing (D:11)
  An orc knight (Bailey)
  3 trolls
  5 hippogriffs
  2 dream sheep (D:9)
  A vampire (D:10)
  2 yaks (D:9)
  A water elemental (D:11)
  2 wyverns
  An acid dragon (D:9)
  A water moccasin (D:10)
  5 orc warriors
  A sky beast (D:9)
  A slave (D:7)
  2 ice beasts (D:10)
  5 phantoms
  5 ogres
  2 centaurs (D:8)
  A wolf (D:10)
  2 necrophages
  7 big kobolds
  2 gnoll sergeants (D:10)
  5 bullfrogs
  8 scorpions
  6 killer bees (D:9)
  4 wights (D:9)
  A howler monkey (D:10)
  2 bullfrog zombies
  4 crimson imps
  2 quasits
  A centaur zombie (D:5)
  7 hounds
  4 centaur skeletons
  5 orc priests
  A bullfrog skeleton (D:4)
  9 orc wizards
  5 worker ants
  A hound zombie (D:10)
  3 hound skeletons
  2 worker ant zombies
  30 gnolls
  A howler monkey skeleton (D:4)
  5 river rats (Sewer)
  14 adders
  A worm (D:5)
  A dart slug (D:2)
  3 leopard geckos
  37 orcs
  6 ball pythons
  6 giant cockroaches
  11 goblins
  18 hobgoblins
  15 jackals
  4 quokkas
  5 bats
  8 frilled lizards
  48 kobolds
  A leopard gecko skeleton (D:9)
  2 quokka zombies
  29 rats
373 creatures vanquished.

Vanquished Creatures (collateral kills)
  The ghost of Retothoi the Grappler, a novice TrFi of Makhleb (D:10)
  An orc priest (D:10)
2 creatures vanquished.

Vanquished Creatures (others)
  A shadow imp (D:7)
  A quokka (D:11)
  2 kobolds (D:7)
  3 fungi (D:6)
7 creatures vanquished.

Grand Total: 382 creatures vanquished

Notes
Turn   | Place    | Note
-------+----------+-------------------------------------------
     0 | D:1      | nanamain the Merfolk Berserker began the quest for the Orb.
     0 | D:1      | Reached XP level 1. HP: 18/18 MP: 1/1
   111 | D:1      | Reached skill level 5 in Polearms
   118 | D:1      | Reached XP level 2. HP: 17/24 MP: 2/2
   460 | D:1      | Reached skill level 6 in Polearms
   460 | D:1      | Reached XP level 3. HP: 28/29 MP: 3/3
   563 | D:1      | Reached ** piety under Trog
  1241 | D:2      | Reached XP level 4. HP: 35/35 MP: 4/4
  1249 | D:2      | Reached skill level 7 in Polearms
  2120 | D:3      | Found a glowing drain.
  2151 | Sewer    | Entered a sewer
  2355 | Sewer    | Reached skill level 8 in Polearms
  2355 | Sewer    | Reached XP level 5. HP: 41/41 MP: 5/5
  2364 | Sewer    | Noticed a big kobold
  2364 | Sewer    | Noticed a big kobold
  2399 | Sewer    | Reached *** piety under Trog
  2445 | Sewer    | Killed a big kobold
  2445 | Sewer    | Reached skill level 9 in Polearms
  2472 | Sewer    | Killed a big kobold
  2472 | Sewer    | Reached XP level 6. HP: 26/47 MP: 6/6
  2727 | Sewer    | Reached skill level 10 in Polearms
  2787 | Sewer    | HP: 8/47 [river rat (7)]
  3419 | Sewer    | lel
  3500 | D:3      | Reached **** piety under Trog
  3801 | D:4      | Got a dazzling leather armour
  3950 | D:4      | Found a burning altar of Makhleb.
  3950 | D:4      | Found an opulent altar of Gozag.
  3966 | D:4      | Reached XP level 7. HP: 52/52 MP: 7/7
  4012 | D:4      | Found a blossoming altar of Fedhas.
  4022 | D:4      | Reached skill level 11 in Polearms
  4391 | D:5      | Entered Level 5 of the Dungeon
  4495 | D:5      | Found a hazy altar of Hepliaklqana.
  4814 | D:5      | Reached skill level 12 in Polearms
  4989 | D:5      | Reached skill level 3 in Dodging
  5328 | D:6      | Reached XP level 8. HP: 60/60 MP: 8/8
  5823 | D:6      | Found a staircase to the Ecumenical Temple.
  5927 | D:6      | Reached ***** piety under Trog
  6159 | D:5      | Identified the +3 leather armour of Hiarifymn {-Cast Str+6
                  | Int+6} (You found it on level 4 of the Dungeon)
  6159 | D:5      | hahaha
  6607 | D:7      | Reached skill level 3 in Armour
  6615 | D:7      | Noticed Pikel
  6661 | D:7      | Killed Pikel
  6661 | D:7      | Reached skill level 13 in Polearms
  6661 | D:7      | Reached skill level 6 in Dodging
  6661 | D:7      | Reached XP level 9. HP: 69/69 MP: 9/9
  6788 | D:7      | Reached skill level 6 in Fighting
  7360 | D:8      | Received a gift from Trog
  7402 | D:8      | Noticed a two-headed ogre
  7412 | D:8      | Killed a two-headed ogre
  7412 | D:8      | Reached skill level 14 in Polearms
  7412 | D:8      | Reached XP level 10. HP: 79/79 MP: 10/10
  8218 | D:8      | Found a deep blue altar of Sif Muna.
  8642 | D:9      | Reached skill level 15 in Polearms
  9181 | D:9      | Reached skill level 16 in Polearms
  9740 | D:9      | Reached skill level 17 in Polearms
  9763 | D:9      | Noticed a two-headed hydra
  9771 | D:9      | Killed a two-headed hydra
  9771 | D:9      | Reached XP level 11. HP: 86/86 MP: 11/11
  9836 | D:10     | Entered Level 10 of the Dungeon
  9875 | D:10     | Reached skill level 18 in Polearms
  9950 | D:10     | Noticed a two-headed ogre
  9959 | D:10     | Killed a two-headed ogre
 10062 | D:10     | Found a runed gate.
 10062 | D:10     | Found a runed gate.
 10064 | D:10     | Found a runed gate.
 10070 | D:10     | Noticed Retothoi's ghost (novice TrFi)
 10145 | D:10     | Reached skill level 19 in Polearms
 10158 | D:10     | HP: 10/86 [orc priest/divine providence (14)]
 10187 | D:10     | Found a flagged portal.
 10234 | Bailey   | Entered a bailey
 10279 | Bailey   | Received a gift from Trog
 10509 | Bailey   | Noticed an orc knight
 10617 | Bailey   | Killed an orc knight
 10880 | Bailey   | meeeh
 11334 | D:10     | Killed Retothoi's ghost
 11335 | D:10     | Reached skill level 20 in Polearms
 11337 | D:10     | Reached skill level 9 in Dodging
 11896 | D:11     | Noticed a cyan ugly thing
 11914 | D:11     | Killed a cyan ugly thing
 12146 | D:11     | Reached XP level 12. HP: 94/94 MP: 12/12
 12155 | D:11     | Noticed Josephine
 12164 | D:11     | Killed Josephine
 12166 | D:11     | Received a gift from Trog
 12216 | D:11     | Quit the game

Vault maps used:
D:1:      dpeg_arrival_oval, minmay_octomino_j4
D:2:      minmay_misc_feat_chi, minmay_unequal
D:3:      serial_glass, glass_columns_b, glass_columns_a, portal_sewer_entry_a
D:4:      gammafunk_temple_overflow_forgotten, serial_curves, eino_curves_04,
          eino_curves_02
D:5:      kennysheep_mini, first_ration
D:6:      minmay_temple_entry_statues_pillars, minmay_gold_behind_fungi
D:7:      uniq_pikel
D:8:      lemuel_blue_sif_altar
D:9:      hangedman_ranch
D:10:     enter_bailey_2, gammafunk_ghost_split
D:11:     erik_lair_island, orc_0_dummy, uniq_josephine
Sewer:    sewer_minmay_treatment
Bailey:   bailey_axe_2, bailey

Action                   |  1- 3 |  4- 6 |  7- 9 | 10-12 || total
-------------------------+-------+-------+-------+-------++-------
Melee: Spear             |   149 |   353 |    84 |       ||   586
       Tailslap          |       |     8 |       |       ||     8
       Halberd           |       |       |   220 |    72 ||   292
       Glaive            |       |       |       |   374 ||   374
       Trident           |       |       |       |    12 ||    12
 Fire: Blowgun           |       |       |    14 |       ||    14
Throw: Stone             |       |     1 |     3 |       ||     4
Invok: Berserk           |     3 |     1 |     6 |     6 ||    16
       Trog's Hand       |       |       |       |     2 ||     2
       Brothers in Arms  |       |       |       |     2 ||     2
  Use: Scroll            |       |     5 |     2 |    10 ||    17
       Potion            |       |       |       |     1 ||     1
 Stab: Sleeping          |     1 |       |     2 |     3 ||     6
       Distracted        |       |       |     1 |       ||     1
  Eat: Chunk             |     4 |     9 |    13 |    20 ||    46
       Ration            |       |       |     1 |     1 ||     2
Armor: Animal skin       |     2 |       |       |       ||     2
       Leather armour    |    24 |    26 |    30 |    55 ||   135
Dodge: Dodged            |    75 |   115 |   126 |   312 ||   628
